 Dungeon Crawl Stone Soup version 0.32-a0-630-g46d191b0ed (console) character file.

Game seed: 5528706814305982718

186 MakMorn the Cutter (level 5, -1/38 HPs)
             Began as a Coglin Gladiator on Mar 6, 2024.
             Splashed by a jelly's acid (10 damage)
             ... on level 4 of the Dungeon.
             The game lasted 00:07:31 (2425 turns).

MakMorn the Cutter (Coglin Gladiator)               Turns: 2425, Time: 00:07:32

Health: -1/38      AC: -2    Str: 14    XL:     5   Next: 65%
Magic:  5/5        EV: 13    Int:  8    God:
Gold:   75         SH:  0    Dex: 17    Spells: 4/4 levels left

rFire   . . .        a - +0 rapier {Xiuhtonal}
rCold   . . .        m - +1 dagger (speed) {Gerda}
rNeg    . . .        b - +0 leather armour
rPois   .            c - +0 helmet
rElec   .            (no cloak)
rCorr   .            i - +0 pair of gloves
SInv    .            (no boots)
Will    .....        (amulet unavailable)
Stlth   +            (ring unavailable)
HPRegen 0.26/turn    (ring unavailable)
MPRegen 0.09/turn    (no gizmo)

%: no passive effects
@: corroded, revving
A: off-hand wielding, slow wielding, warmup strikes, no jewellery
a: Invent Gizmo


You were on level 4 of the Dungeon.
You visited 1 branch of the dungeon, and saw 4 of its levels.

You collected 95 gold pieces.
You spent 20 gold pieces at shops.

Inventory:

Hand Weapons
 a - a +0 rapier (weapon) {Xiuhtonal}
 f - a +0 dagger {Kasem}
 m - a +1 dagger of speed (offhand) {Gerda}
Missiles
 d - 3 throwing nets (quivered)
 e - a javelin
 s - 7 stones
Armour
 b - a +0 leather armour (worn)
 c - a +0 helmet (worn)
 i - a +0 pair of gloves (worn)
 n - a +0 chain mail
 v - the +3 leather armour "Lanoatro" {MP+9 Int+3 Dex-5 SInv}
   (You found it on level 3 of the Dungeon)

   Int+3:     It affects your intelligence (+3).
   Dex-5:     It affects your dexterity (-5).
   MP+9:      It affects your magic capacity (+9).
   SInv:      It lets you see invisible.
 y - a +0 plate armour
Magical Staves
 j - a staff of alchemy
Scrolls
 k - 2 scrolls of vulnerability {unknown}
 l - a scroll of enchant weapon {unknown}
 r - a scroll of noise {unknown}
 u - a scroll of poison {unknown}
Potions
 g - a potion of heal wounds
 h - a potion of ambrosia
 o - a potion of curing
 p - a potion of might {unknown}
 q - 3 potions of enlightenment
 t - a potion of berserk rage
 w - a potion of mutation {unknown}
 x - 2 potions of haste {unknown}
 z - a potion of resistance {unknown}


   Skills:
 + Level 2.3 Fighting
 * Level 4.6 Short Blades
 - Level 1.7 Throwing
 * Level 1.6 Armour
 * Level 3.3 Dodging
 * Level 0.2 Stealth


You had 4 spell levels left.
You didn't know any spells.
Your spell library contained the following spells:

 Spells                   Type           Power      Damage    Failure   Level
 Slow                     Hex            0%         N/A       47%         1
 Confusing Touch          Hex            0%         N/A       85%         3
 Sigil of Binding         Hex            0%         N/A       85%         3
 Vampiric Draining        Necr           0%         2d6       85%         3


Dungeon Overview and Level Annotations

Branches:
Dungeon (4/15)
 Temple: D:4-7

Altars:
Cheibriados

Shops:
D:2 ?

Annotations:
D:3 2 runed translucent doors, Crazy Yiuf; discipleofbeogh's ghost, amateur DrSh


Innate Abilities, Weirdness & Mutations

You can wield a second weapon in your off-hand.
It takes a long time for you to wield or remove held weapons.
Your first few attacks do less damage.
You cannot equip rings or amulets.


Message History

The sleepcap barely misses you.
You hit the sleepcap with your +0 rapier.
The sleepcap is almost destroyed.
You hit the sleepcap but do no damage. You hit the sleepcap but do no damage.
The sleepcap is almost destroyed.
You hit the sleepcap with your +0 rapier.
The sleepcap releases spores at you.
You hit the sleepcap with your +1 dagger of speed.
You destroy the sleepcap!
No target in view!
HP restored.
A jelly comes into view.
The jelly quivers.
No target in view!
No target in view!
You hit the jelly but do no damage.
Your graspers burn!
You hit the jelly but do no damage. The acid corrodes you!
Your graspers burn!
The jelly closely misses you.
You hit the jelly with your +1 dagger of speed.
Your graspers burn!
The jelly is lightly wounded.
You hit the jelly but do no damage.
Your graspers burn!
You hit the jelly with your +0 rapier.
Your graspers burn!
The jelly is moderately wounded.
You hit the jelly but do no damage.
Your graspers burn!
The jelly barely misses you.
You are too injured to fight recklessly!
You are too injured to fight recklessly!
You are too injured to fight recklessly!
You are too injured to fight recklessly!
You are too injured to fight recklessly!
You completely miss the jelly with your +1 dagger of speed.
The jelly is moderately wounded.
You hit the jelly but do no damage. The acid corrodes you!
Your graspers burn!
* * * LOW HITPOINT WARNING * * *
The jelly hits you.
* * * LOW HITPOINT WARNING * * *
You are splashed with acid!
You die...

##.# #.# #.# ... ## #.#
#.# .. # ##.### #.# .#.#
##...## ... .#.##
...<..## #.# ....##.
.......# #.###J......
.......######.##@.#
...........##.....###
........................
##...######.......##....
###### #.......# ...
#.......# .. ##.....## .
#.....# .......#


You could see a jelly.

Vanquished Creatures
  A sleepcap (D:4)
  Terence (D:2)
  3 gnolls
  4 adders
  4 dart slugs
  2 ribbon worms
  An orc (D:3)
  5 ball pythons
  3 endoplasms
  A giant cockroach (D:2)
  6 goblins
  4 hobgoblins
  2 jackals (D:1)
  4 quokkas
  2 bats
  4 frilled lizards
  8 kobolds
  2 rats
57 creatures vanquished.

Notes
Turn   | Place    | Note
-------+----------+-------------------------------------------
     0 | D:1      | MakMorn the Coglin Gladiator began the quest for the Orb.
     0 | D:1      | Reached XP level 1. HP: 16/16 MP: 1/1
   189 | D:1      | Reached skill level 3 in Short Blades
   189 | D:1      | Reached XP level 2. HP: 22/22 MP: 2/2
   786 | D:2      | Reached XP level 3. HP: 27/27 MP: 3/3
   826 | D:2      | Noticed Terence
   850 | D:1      | Reached XP level 4. HP: 16/33 MP: 4/4
   944 | D:2      | Reached skill level 1 in Armour
   969 | D:2      | Reached skill level 4 in Short Blades
  1009 | D:2      | Found Joogina's Magic Scroll Emporium.
  1265 | D:2      | Killed Terence
  1266 | D:2      | Reached XP level 5. HP: 16/38 MP: 5/5
  1464 | D:2      | Bought a scroll of identify for 20 gold pieces
  1567 | D:3      | Identified the +3 leather armour "Lanoatro" {MP+9 Int+3
                  | Dex-5 SInv}
  1578 | D:3      | Found a runed translucent door.
  1579 | D:3      | Noticed discipleofbeogh's ghost (amateur DrSh)
  1825 | D:3      | Found a snail-covered altar of Cheibriados.
  2072 | D:3      | Found a runed translucent door.
  2073 | D:3      | Noticed Crazy Yiuf
  2425 | D:4      | Splashed by a jelly's acid

Illustrated notes

Levels and vault maps discovered:
D:1:      dpeg_arrival_stonehenge_8_columns, layout_basic
D:2:      layout_rooms, serial_shops, shop, uniq_terence
D:3:      layout_rooms, cheibrodos_worm_habitat, gammafunk_ghost_grave,
          uniq_crazy_yiuf_cottage
D:4:      kennysheep_six_static_rooms, layout_rooms

Skill      XL: |  1  2  3  4 |
---------------+-------------+-----
Short Blades   | 3 4 |  4.6
Dodging        | 3 |  3.3
Armour         | 1 |  1.6
Fighting       | |  2.3
Throwing       | |  1.7
Stealth        | |  0.2

Action                     |  1- 3 |  4- 6 || total
---------------------------+-------+-------++-------
  Melee: Rapier            |    71 |   109 ||   180
         Dagger            |    69 |   107 ||   176
    Use: Scroll            |       |     5 ||     5
   Stab: Sleeping          |     1 |       ||     1
 Armour: Leather armour    |    13 |    47 ||    60
         Chain mail        |    40 |       ||    40
  Dodge: Dodged            |    33 |    55 ||    88

Table legend: (Time is in decaauts)
 A = Elapsed time spent in this place.
 B = Non-inter-level travel time spent in this place.
 C = Inter-level travel time spent in this place.
 D = Time resting spent in this place.
 E = Time spent auto-exploring this place.
 F = Levels seen in this place.
 G = Mean time per level.
                   A        B        C        D        E       F      G
               +--------+--------+--------+--------+--------+-----+--------+
         Total |   2408 |   2096 |    312 |     26 |   1553 |   4 |  602.0 |
       Dungeon |   2408 |   2096 |    312 |     26 |   1553 |   4 |  602.0 |
               +--------+--------+--------+--------+--------+-----+--------+

Top non-repeatable levels by time:
     D:1: 844 daAuts
     D:3: 743 daAuts
     D:2: 657 daAuts
     D:4: 162 daAuts
